 Seeded DCSS version 0.30-a0-377-g5cb311bc9f (webtiles) character file.

Game seed: 20221130 (custom seed)

422 McGhostyFace the Digger (level 6, -2/35 (47) HPs)
             Began as a Gnoll Wanderer on Nov 30, 2022.
             Was a Believer of Ashenzari.
             Slain by a wight
             ... wielding a +0 halberd
              (3 damage)
             ... on level 4 of the Dungeon.
             The game lasted 00:07:52 (4449 turns).

McGhostyFace the Digger (Gnoll Wanderer)            Turns: 4449, Time: 00:07:52

HP:   -2/35 (47)    AC:  8    Str: 17    XL:     6   Next: 95%
MP:   20/23         EV: 11    Int: 14    God:    Ashenzari [**....]
Gold: 141           SH:  0    Dex: 11    Spells: 15/16 levels left

rFire   . . .      SeeInvis +    s - +2 short sword (venom)
rCold   + . .      Faith    .    (no shield)
rNeg    . . .      Spirit   .    f - +0 ring mail
rPois   .          Reflect  .    q - +0 helmet "Share My Mistrust" {Melee, Range} (curse)
rElec   .          Harm     .    t - +0 cloak "Ruined Discomfort" {Melee, Comp} (curse)
rCorr   .          Rampage  .    (no gloves)
Will    .....                    w - +0 pair of boots of Ashenzari's Seer {Elem, Bglg} (curse)
Stlth   +.........               (no amulet)
HPRegen 0.25/turn                o - +6 ring of strength
MPRegen 0.18/turn                h - ring of magical power

@: very heavily drained
A: fangs 1, strong nose, distributed training, cold resistance 1
a: Renounce Religion, Shatter the Chains


You were on level 4 of the Dungeon.
You worshipped Ashenzari.
Ashenzari was pleased with you.
You visited 1 branch of the dungeon, and saw 4 of its levels.

You collected 141 gold pieces.

Inventory:

Hand Weapons
 a - a +0 sling
 c - a +0 dagger
 i - a +2 hand axe of freezing
 s - a +2 short sword of venom (weapon)
Missiles
 b - 8 boomerangs (quivered)
Armour
 f - a +0 ring mail (worn)
 q - the cursed +0 helmet "Share My Mistrust" (worn) {Melee, Range}
   (You found it on level 1 of the Dungeon)

   It has a curse which improves the following skills: Melee Combat: Short
   Blades, Long Blades, Axes, Maces & Flails, Polearms, Staves and Unarmed
   Combat.
   Ranged Combat: Ranged Weapons and Throwing.
 t - the cursed +0 cloak "Ruined Discomfort" (worn) {Melee, Comp}
   (You found it on level 2 of the Dungeon)

   It has a curse which improves the following skills: Melee Combat: Short
   Blades, Long Blades, Axes, Maces & Flails, Polearms, Staves and Unarmed
   Combat.
   Companions: Summonings and Necromancy.
 w - the cursed +0 pair of boots of Ashenzari's Seer (worn) {Elem, Bglg}
   (You found it on level 3 of the Dungeon)

   It has a curse which improves the following skills: Elements: Fire Magic, Ice
   Magic, Air Magic and Earth Magic.
   Beguiling: Conjurations, Hexes and Translocations.
Jewellery
 h - a ring of magical power (right hand)
 o - a +6 ring of strength (left hand)
Scrolls
 d - a scroll of blinking
 g - 2 scrolls of noise
 k - 2 scrolls of poison
 p - 2 scrolls of summoning
 r - 2 scrolls of identify
 x - a scroll of magic mapping
 y - a scroll of fear
Potions
 e - a potion of flight
 j - 3 potions of brilliance
 l - a potion of berserk rage
 m - 2 potions of degeneration
 n - a potion of mutation
 u - a potion of might
 v - a potion of curing
 z - a potion of lignification
 A - a potion of heal wounds


   Skills:
 + Level 3.4 Fighting
 + Level 2.2(3.7) Short Blades
 + Level 2.2(3.7) Long Blades
 + Level 2.2(3.7) Axes
 + Level 2.2(3.7) Maces & Flails
 + Level 2.2(3.7) Polearms
 + Level 2.2(3.7) Staves
 + Level 5.1(6.3) Ranged Weapons
 + Level 5.1(6.3) Throwing
 + Level 2.2 Armour
 + Level 2.2 Dodging
 + Level 2.2 Stealth
 + Level 2.2 Shields
 + Level 2.2(3.7) Unarmed Combat
 + Level 5.5 Spellcasting
 + Level 1.8(2.7) Conjurations
 + Level 1.8(2.7) Hexes
 + Level 1.8(2.7) Summonings
 + Level 1.8(2.7) Necromancy
 + Level 1.8(2.7) Translocations
 + Level 1.8 Transmutations
 + Level 1.8(2.7) Fire Magic
 + Level 1.8(2.7) Ice Magic
 + Level 1.8(2.7) Air Magic
 + Level 5.7(7.0) Earth Magic
 + Level 1.8 Poison Magic
 + Level 2.5 Invocations
 + Level 2.2 Evocations


You had 15 spell levels left.
You knew the following spells:

 Your Spells              Type           Power      Damage    Failure   Level
a - Sandblast             Erth           46%        2d11      1%          1

Your spell library contained the following spells:

 Spells                   Type           Power      Damage    Failure   Level
 Passwall                 Tmut/Erth      13%        N/A       8%          2
 Dazzling Flash           Conj/Hex       22%        N/A       28%         3
 Animate Armour           Summ/Erth      34%        N/A       36%         4
 Borgnjor's Vile Clutch   Necr/Erth      8%         N/A       73%         5
 Agony                    Necr           11%        N/A       95%         5
 Silence                  Hex/Air        5%         N/A       95%         5
 Alistair's Intoxication  Tmut/Pois      6%         N/A       98%         5
 Eringya's Noxious Bog    Tmut/Pois      4%         N/A       100%        6


Dungeon Overview and Level Annotations

Branches:
Dungeon (4/15)
 Temple: D:4-7

Altars:
Ashenzari
Cheibriados
Dithmenos
Fedhas
Hepliaklqana
Sif Muna
Vehumet
Wu Jian
Yredelemnul

Shops:
D:2 (   D:4 (==(


Innate Abilities, Weirdness & Mutations

You have very sharp teeth.
Your uncanny sense of smell can sniff out nearby items.
Your experience applies equally to all skills.
Your flesh is cold resistant. (rC+)


Message History

The wight is heavily damaged.
The wight misses you.
You throw a boomerang. The boomerang hits the wight.
The wight is severely damaged.
The wight hits you from afar with a +0 halberd.
You throw a boomerang. The boomerang hits the wight.
The wight is severely damaged.
The wight hits you from afar with a +0 halberd!
You feel drained.
You are too injured to fight recklessly!
You are too injured to fight recklessly!
You are too injured to fight recklessly!
There is an open door here.
Casting: Sandblast (safe; 1% risk of failure)
Confirm with . or Enter, or press ? or * to list all spells.
Aiming: Sandblast (safe; 1% risk of failure)
Press: ? - help, Shift-Dir - straight line, f/p - wight
Aim: a wight, wielding a +0 halberd and wearing a +0 robe (severely damaged, 83% to hit)
The blast of sand hits the wight but does no damage.
The wight is severely damaged.
The wight barely misses you. The wight misses you.
Casting: Sandblast (safe; 1% risk of failure)
Confirm with . or Enter, or press ? or * to list all spells.
Aiming: Sandblast (safe; 1% risk of failure)
Press: ? - help, Shift-Dir - straight line, f/p - wight
Aim: a wight, wielding a +0 halberd and wearing a +0 robe (severely damaged, 83% to hit)
The blast of sand hits the wight.
The wight is almost destroyed.
The wight barely misses you.
Casting: Sandblast (safe; 1% risk of failure)
Confirm with . or Enter, or press ? or * to list all spells.
Aiming: Sandblast (safe; 1% risk of failure)
Press: ? - help, Shift-Dir - straight line, f/p - wight
Aim: a wight, wielding a +0 halberd and wearing a +0 robe (almost destroyed, 83% to hit)
The blast of sand hits the wight but does no damage.
The wight is almost destroyed.
The wight hits you from afar with a +0 halberd!
* * * LOW HITPOINT WARNING * * *
You feel drained.
You die...

#.# #####.###..#.#.#.## #.#
#.......#+##..###.# #.#
#..##...#.#....#.#####
#.#####..######.###...##...#
#...........'..∩..'...##...#
#####..#..##.###.#####.##...####
## #......##...#z#.............#
.# #.P.P.......#'#####.........##
.# #.._..###.#..@# #...........
.###.P.P.##...#### ####...#.###
..##.....##...# #.......#
....#...###..)# #.#...#.#
..[.#.### #...# #...∩## ###
...)#.# #...# ######..####....
......#####...####..........#....
.................................
..................<....#.#.......


You could see a wight.

Vanquished Creatures
  2 wights (D:4)
  3 jellies (D:2)
  A hound (D:3)
  2 orc priests
  An iguana (D:4)
  An orc wizard (D:3)
  2 adders
  A worm (D:3)
  8 orcs
  16 endoplasms
  A giant cockroach (D:1)
  3 goblins
  3 hobgoblins
  5 quokkas
  3 ball pythons
  4 bats
  2 frilled lizards
  12 kobolds
  5 rats (D:1)
75 creatures vanquished.

Vanquished Creatures (others)
  2 fungi (D:2)
  8 toadstools (D:2)
10 creatures vanquished.

Grand Total: 85 creatures vanquished

Notes
Turn   | Place    | Note
-------+----------+-------------------------------------------
     0 | D:1      | McGhostyFace the Gnoll Wanderer began the quest for the
                  | Orb.
     0 | D:1      | McGhostyFace set off with the following items: a +0 sling,
                  | 9 boomerangs, a +0 dagger, a scroll of blinking, a +0 robe;
                  | and the following spell memorised: Sandblast; and the
                  | following spells available to memorise: Passwall, Animate
                  | Armour.
     0 | D:1      | Reached XP level 1. HP: 17/17 MP: 6/6
   521 | D:1      | Reached XP level 2. HP: 23/23 MP: 7/7
  1071 | D:2      | Reached skill level 1 in Short Blades
  1071 | D:2      | Reached skill level 1 in Long Blades
  1071 | D:2      | Reached skill level 1 in Axes
  1071 | D:2      | Reached skill level 1 in Maces & Flails
  1071 | D:2      | Reached skill level 1 in Polearms
  1071 | D:2      | Reached skill level 1 in Staves
  1071 | D:2      | Reached skill level 1 in Armour
  1071 | D:2      | Reached skill level 1 in Dodging
  1071 | D:2      | Reached skill level 1 in Stealth
  1071 | D:2      | Reached skill level 1 in Shields
  1071 | D:2      | Reached skill level 1 in Unarmed Combat
  1071 | D:2      | Reached skill level 5 in Spellcasting
  1071 | D:2      | Reached skill level 1 in Invocations
  1071 | D:2      | Reached skill level 1 in Evocations
  1071 | D:2      | Reached XP level 3. HP: 16/28 MP: 9/9
  1123 | D:2      | Reached skill level 1 in Conjurations
  1123 | D:2      | Reached skill level 1 in Hexes
  1123 | D:2      | Reached skill level 1 in Summonings
  1123 | D:2      | Reached skill level 1 in Necromancy
  1123 | D:2      | Reached skill level 1 in Translocations
  1123 | D:2      | Reached skill level 1 in Transmutations
  1123 | D:2      | Reached skill level 1 in Fire Magic
  1123 | D:2      | Reached skill level 1 in Ice Magic
  1123 | D:2      | Reached skill level 1 in Air Magic
  1123 | D:2      | Reached skill level 1 in Poison Magic
  1123 | D:2      | Reached XP level 4. HP: 34/34 MP: 11/11
  1130 | D:2      | Reached XP level 5. HP: 4/40 MP: 11/12
  1132 | D:2      | HP: 2/40 [frozen (4)]
  2031 | D:2      | Found Vyaxu's Weapon Emporium.
  2153 | D:2      | Found a faded altar of an unknown god.
  2170 | D:2      | Prayed at the altar of an unknown god.
  2170 | D:2      | Became a worshipper of Ashenzari the Shackled
  2270 | D:2      | Found a radiant altar of Vehumet.
  2639 | D:3      | Found a shadowy altar of Dithmenos.
  2641 | D:3      | Found a snail-covered altar of Cheibriados.
  2647 | D:3      | Found a blossoming altar of Fedhas.
  2649 | D:3      | Found an ornate altar of the Wu Jian Council.
  2649 | D:3      | Found a shimmering blue altar of Sif Muna.
  2898 | D:3      | Found a hazy altar of Hepliaklqana.
  3326 | D:3      | Reached XP level 6. HP: 45/47 MP: 14/14
  3413 | D:3      | Reached * piety under Ashenzari
  3414 | D:3      | Gained mutation: Your flesh is cold resistant. (rC+)
                  | [potion of mutation]
  3728 | D:4      | Found a basalt altar of Yredelemnul.
  3822 | D:4      | Found Luc Qode's Antique Weapon Boutique.
  3846 | D:4      | Reached skill level 5 in Ranged Weapons
  3846 | D:4      | Reached skill level 5 in Throwing
  3956 | D:4      | Found Xiness's One-of-a-Kind Rings.
  4328 | D:4      | Found a broken altar of Ashenzari.
  4357 | D:4      | Reached ** piety under Ashenzari
  4384 | D:4      | Found Qiufikh's Antique Weapon Shoppe.
  4434 | D:4      | Found Ezuid's Jewellery Shop.
  4449 | D:4      | HP: 1/37 [wight/+0 halberd (14)]
  4449 | D:4      | Slain by a wight

Illustrated notes

Levels and vault maps discovered:
D:1:      minmay_arrival_checkered_box, layout_loops_ring
D:2:      cheibrodos_fertilizer, layout_basic,
          shapermc_ecumenical_altar_notcrosses, basic_altar, serial_shops, shop
D:3:      layout_basic, amcnicky_altar_gilded, grunt_temple_overflow_open
D:4:      layout_loops_cross, yredelemnul_altar_generic,
          mainiacjoe_overflow_alcove_2, serial_shops, shop,
          nicolae_shop_hallway_plus, shop, nicolae_shop_unique_rings

Skill      XL: |  1  2  3  4  5  6 |
---------------+-------------------+-----
Short Blades   | 1 2 |  2.2
Long Blades    | 1 2 |  2.2
Axes           | 1 2 |  2.2
Maces & Flails | 1 2 |  2.2
Polearms       | 1 2 |  2.2
Staves         | 1 2 |  2.2
Armour         | 1 2 |  2.2
Dodging        | 1 2 |  2.2
Stealth        | 1 2 |  2.2
Shields        | 1 2 |  2.2
Unarmed Combat | 1 2 |  2.2
Spellcasting   | 5 |  5.5
Invocations    | 1 2 |  2.5
Evocations     | 1 2 |  2.2
Conjurations   | 1 |  1.8
Hexes          | 1 |  1.8
Summonings     | 1 |  1.8
Necromancy     | 1 |  1.8
Translocations | 1 |  1.8
Transmutations | 1 |  1.8
Fire Magic     | 1 |  1.8
Ice Magic      | 1 |  1.8
Air Magic      | 1 |  1.8
Poison Magic   | 1 |  1.8
Fighting       | 3 |  3.4
Ranged Weapons | 5 |  5.1
Throwing       | 5 |  5.1
Earth Magic    | |  5.7

Action                   |  1- 3 |  4- 6 || total
-------------------------+-------+-------++-------
Melee: Short sword       |       |    42 ||    42
       Bite              |       |     5 ||     5
       Punch             |       |     1 ||     1
 Fire: Sling             |    41 |    28 ||    69
Throw: Boomerang         |       |    71 ||    71
 Cast: Sandblast         |    18 |    14 ||    32
Invok: Curse Item        |       |     3 ||     3
  Use: Scroll            |       |     2 ||     2
       Potion            |       |     1 ||     1
Armor: Ring mail         |    15 |    27 ||    42
Dodge: Dodged            |    15 |    41 ||    56

Table legend: (Time is in decaauts)
 A = Elapsed time spent in this place.
 B = Non-inter-level travel time spent in this place.
 C = Inter-level travel time spent in this place.
 D = Time resting spent in this place.
 E = Time spent auto-exploring this place.
 F = Levels seen in this place.
 G = Mean time per level.
                   A        B        C        D        E       F      G
               +--------+--------+--------+--------+--------+-----+--------+
         Total |   4480 |   4412 |     68 |   1720 |   2138 |   4 | 1120.0 |
       Dungeon |   4480 |   4412 |     68 |   1720 |   2138 |   4 | 1120.0 |
               +--------+--------+--------+--------+--------+-----+--------+

Top non-repeatable levels by time:
     D:2: 1699 daAuts
     D:3: 1144 daAuts
     D:1: 908 daAuts
     D:4: 727 daAuts
